3AAA
HOUSTON BC @ AUGUSTA TIMBER HAWKS
07/20/2034
 
TOP OF THE 1ST
Houston BC batting - Pitching for Augusta Timber Hawks : LHP Katsumoto Miyanohara
Pitching: LHP Katsumoto Miyanohara
Batting: RHB Kenneth Noid 0-0: Called Strike
0-1: Ball
1-1: Ball
2-1: Ball
3-1: Called Strike
3-2: DOUBLE (Line Drive, 3D)
Batting: RHB Orlando Montejo 0-0: Called Strike
0-1: Swinging Strike
0-2: Ball
1-2: Ball
2-2: Ball
3-2: Strikes out looking
Batting: RHB Angeddy Almanzar 0-0: Called Strike
Kenneth Noid is caught stealing 3rd base
0-1: Swinging Strike
0-2: Ball
1-2: Strikes out looking
Top of the 1st over - 0 runs, 1 hit, 0 errors, 0 left on base; Houston 0 - Augusta 0
BOTTOM OF THE 1ST
Augusta Timber Hawks batting - Pitching for Houston BC : LHP Steve Costlow
Pitching: LHP Steve Costlow
Batting: SHB Yun-qi Chien 0-0: Ball
1-0: Called Strike
1-1: Called Strike
1-2: Strikes out swinging
Batting: RHB Krystof Melichar 0-0: Foul Ball, location: 2F
0-1: Foul Ball, location: 2F
0-2: Ball
1-2: Fly out, F5 (Popup, 5L)
Batting: LHB Mike Goff 0-0: Ball
1-0: Foul Ball, location: 2F
1-1: Ball
2-1: Fly out, F8 (Flyball, 8RM)
Bottom of the 1st over - 0 runs, 0 hits, 0 errors, 0 left on base; Houston 0 - Augusta 0
TOP OF THE 2ND
Houston BC batting - Pitching for Augusta Timber Hawks : LHP Katsumoto Miyanohara
Batting: RHB Robby Arnold 0-0: Foul Ball, location: 2F
0-1: Foul Ball, location: 2F
0-2: Ball
1-2: Ball
2-2: Foul Ball, location: 2F
2-2: Ground out 3-1 (Groundball, 34S)
Batting: RHB Abraham Phelps 0-0: Ball
1-0: Swinging Strike
1-1: Swinging Strike
1-2: Strikes out swinging
Batting: RHB Jud Regan 0-0: Ball
1-0: Foul Ball, location: 2F
1-1: Ball
2-1: SINGLE (Groundball, 56D)
Batting: RHB Alfredo Mojica 0-0: Called Strike
0-1: Foul Ball, location: 2F
0-2: Ball
1-2: Ball
2-2: Fly out, F7 (Line Drive, 78M)
Top of the 2nd over - 0 runs, 1 hit, 0 errors, 1 left on base; Houston 0 - Augusta 0
BOTTOM OF THE 2ND
Augusta Timber Hawks batting - Pitching for Houston BC : LHP Steve Costlow
Batting: RHB Jesús Recesvinto 0-0: Ball
1-0: Ball
2-0: Ground out 6-3 (Groundball, 6MD)
Batting: RHB Uchino Akahito 0-0: Foul Ball, location: 2F
0-1: Foul Ball, location: 2F
0-2: Ball
1-2: Foul Ball, location: 2F
1-2: SOLO HOME RUN (Flyball, 9D), Distance : 387 ft
Batting: RHB Dave Yates 0-0: Ball
1-0: Ball
2-0: Ball
3-0: Called Strike
3-1: Base on Balls
Batting: LHB Seung-soo Ch'ae 0-0: Ball
1-0: Ball
2-0: Swinging Strike
Dave Yates steals 2nd base
2-1: Ball
3-1: Foul Ball, location: 2F
3-2: Base on Balls
Batting: LHB Fa-tang Wang 0-0: Ball
1-0: Called Strike
1-1: Ball
2-1: Swinging Strike
2-2: Strikes out looking
Batting: LHB Randy Sallah 0-0: Called Strike
0-1: Ball
1-1: Fielders Choice at 2nd, 5-4 (Groundball, 5)
Bottom of the 2nd over - 1 run, 1 hit, 0 errors, 2 left on base; Houston 0 - Augusta 1
TOP OF THE 3RD
Houston BC batting - Pitching for Augusta Timber Hawks : LHP Katsumoto Miyanohara
Batting: LHB Sidney Dollarhide 0-0: Foul Ball, location: 2F
0-1: Called Strike
0-2: Foul Ball, location: 2F
0-2: Foul Ball, location: 2F
0-2: Ball
1-2: Foul Ball, location: 2F
1-2: Strikes out swinging
Batting: RHB José Perea 0-0: Ball
1-0: Called Strike
1-1: Ball
2-1: SINGLE (Groundball, 6MD)
Batting: RHB Kenneth Noid 0-0: Ball
1-0: Swinging Strike
1-1: Swinging Strike
1-2: Fly out, F6 (Line Drive, 6)
Batting: RHB Orlando Montejo 0-0: Called Strike
0-1: Ball
1-1: Ground out 4-3 (Groundball, 4MD)
Top of the 3rd over - 0 runs, 1 hit, 0 errors, 1 left on base; Houston 0 - Augusta 1
BOTTOM OF THE 3RD
Augusta Timber Hawks batting - Pitching for Houston BC : LHP Steve Costlow
Batting: SHB Yun-qi Chien 0-0: Called Strike
0-1: Foul Ball, location: 2F
0-2: Ball
1-2: SINGLE (Line Drive, 89S)
Batting: RHB Krystof Melichar 0-0: DOUBLE (Line Drive, 78D)
Yun-qi Chien to third
Runner from 3rd tries for Home, SAFE, no throw
Batting: LHB Mike Goff 0-0: Called Strike
0-1: Swinging Strike
0-2: Ball
1-2: Strikes out swinging
Batting: RHB Jesús Recesvinto 0-0: Called Strike
0-1: Foul Ball, location: 2F
0-2: Ball
1-2: Ball
2-2: Ball
Wild Pitch!
Krystof Melichar to third
3-2: Fly out, F6 (Popup, 6S)
Batting: RHB Uchino Akahito 0-0: Ball
1-0: Called Strike
1-1: Foul Ball, location: 2F
1-2: Reached on error, E5 (Line Drive, 5)
Krystof Melichar scores
Batting: RHB Dave Yates 0-0: Ball
1-0: Called Strike
1-1: Swinging Strike
1-2: Fly out, F2 (Popup, 2LF)
Bottom of the 3rd over - 2 runs, 2 hits, 1 error, 1 left on base; Houston 0 - Augusta 3
TOP OF THE 4TH
Houston BC batting - Pitching for Augusta Timber Hawks : LHP Katsumoto Miyanohara
Batting: RHB Angeddy Almanzar 0-0: Ball
1-0: Ball
2-0: Ball
3-0: Base on Balls
Batting: RHB Robby Arnold 0-0: Called Strike
0-1: Ball
1-1: Ball
2-1: Grounds into double play, 4-6-3 (Groundball, 4)
Batting: RHB Abraham Phelps 0-0: Ball
1-0: Ball
2-0: Foul Ball, location: 2F
2-1: Ball
3-1: Called Strike
3-2: Base on Balls
Batting: RHB Jud Regan 0-0: Ball
1-0: Ball
2-0: Called Strike
2-1: Foul Ball, location: 2F
2-2: Foul Ball, location: 2F
2-2: Ball
3-2: Foul Ball, location: 2F
3-2: Fly out, F9 (Line Drive, 89M)
Top of the 4th over - 0 runs, 0 hits, 0 errors, 1 left on base; Houston 0 - Augusta 3
BOTTOM OF THE 4TH
Augusta Timber Hawks batting - Pitching for Houston BC : RHP Arnout Els
Pitching: RHP Arnout Els
Batting: LHB Seung-soo Ch'ae 0-0: Swinging Strike
0-1: Ball
1-1: Swinging Strike
1-2: Strikes out looking
Batting: LHB Fa-tang Wang 0-0: SINGLE (Line Drive, 6MD)
Batting: LHB Randy Sallah 0-0: Ball
1-0: Called Strike
1-1: Ball
2-1: Ground out 6-3 (Groundball, 6MS)
Fa-tang Wang to second
Batting: SHB Yun-qi Chien 0-0: Ball
1-0: Ball
2-0: Called Strike
2-1: Foul Ball, location: 2F
2-2: Foul Ball, location: 2F
2-2: Ball
3-2: Foul Ball, location: 2F
3-2: Ground out 5-3 (Groundball, 56S)
Bottom of the 4th over - 0 runs, 1 hit, 0 errors, 1 left on base; Houston 0 - Augusta 3
TOP OF THE 5TH
Houston BC batting - Pitching for Augusta Timber Hawks : LHP Katsumoto Miyanohara
Pitching: RHP Christiaan Volkers
Batting: RHB Alfredo Mojica 0-0: Called Strike
0-1: Swinging Strike
0-2: Strikes out swinging
Batting: LHB Sidney Dollarhide 0-0: Foul Ball, location: 2F
0-1: Foul Ball, location: 2F
0-2: Ball
1-2: Strikes out swinging
Batting: RHB José Perea 0-0: Ground out 4-3 (Groundball, 4)
Top of the 5th over - 0 runs, 0 hits, 0 errors, 0 left on base; Houston 0 - Augusta 3
BOTTOM OF THE 5TH
Augusta Timber Hawks batting - Pitching for Houston BC : RHP Arnout Els
Batting: RHB Krystof Melichar 0-0: Called Strike
0-1: DOUBLE (Line Drive, 78D)
Batting: LHB Mike Goff 0-0: Intentional Walk
Batting: RHB Jesús Recesvinto 0-0: Called Strike
0-1: Ball
Wild Pitch!
Krystof Melichar to third
Mike Goff to second
1-1: Foul Ball, location: 2F
1-2: Strikes out swinging
Batting: RHB Uchino Akahito 0-0: Foul Ball, location: 2F
0-1: Ball
1-1: Called Strike
1-2: Strikes out swinging
Batting: RHB Dave Yates 0-0: Called Strike
0-1: Foul Ball, location: 2F
0-2: SINGLE (Line Drive, 8LS)
Krystof Melichar scores
Mike Goff to third
Runner from 3rd tries for Home, throw and OUT!
Bottom of the 5th over - 1 run, 2 hits, 0 errors, 1 left on base; Houston 0 - Augusta 4
TOP OF THE 6TH
Houston BC batting - Pitching for Augusta Timber Hawks : RHP Christiaan Volkers
Batting: RHB Kenneth Noid 0-0: Ball
1-0: Ball
2-0: Ball
3-0: Base on Balls
Batting: RHB Orlando Montejo 0-0: Ball
1-0: Ball
2-0: Called Strike
2-1: Foul Ball, location: 2F
2-2: Strikes out swinging
Batting: RHB Angeddy Almanzar 0-0: Ball
Throwing error on steal attempt, E2
Kenneth Noid to third
1-0: Ball
2-0: Ball
3-0: Fly out, F7 (Line Drive, 7)
Runner from 3rd tags up, SCORES, throw made
Batting: RHB Robby Arnold 0-0: DOUBLE (Line Drive, 8RD)
Batting: RHB Abraham Phelps 0-0: Called Strike
0-1: Ball
Wild Pitch!
Robby Arnold to third
1-1: Swinging Strike
1-2: Ball
2-2: Strikes out looking
Top of the 6th over - 1 run, 1 hit, 1 error, 1 left on base; Houston 1 - Augusta 4
BOTTOM OF THE 6TH
Augusta Timber Hawks batting - Pitching for Houston BC : RHP Arnout Els
Now in CF: Earl Wiley
Batting: LHB Seung-soo Ch'ae 0-0: Fly out, F7 (Flyball, 78S)
Batting: LHB Fa-tang Wang 0-0: Fly out, F7 (Line Drive, 7LM)
Batting: LHB Randy Sallah 0-0: Swinging Strike
0-1: Ground out 4-3 (Groundball, 4MS)
Bottom of the 6th over - 0 runs, 0 hits, 0 errors, 0 left on base; Houston 1 - Augusta 4
TOP OF THE 7TH
Houston BC batting - Pitching for Augusta Timber Hawks : RHP Christiaan Volkers
Batting: LHB Earl Wiley 0-0: Ball
1-0: Foul Ball, location: 2F
1-1: Ground out 6-3 (Groundball, 6)
Batting: RHB Alfredo Mojica 0-0: Swinging Strike
0-1: Ball
1-1: Ball
2-1: Called Strike
2-2: Strikes out swinging
Batting: LHB Sidney Dollarhide 0-0: Ball
1-0: Foul Ball, location: 2F
1-1: SINGLE (Groundball, 4MD)
Batting: RHB José Perea 0-0: Called Strike
0-1: Ball
1-1: Ball
2-1: SINGLE (Line Drive, 78S)
Sidney Dollarhide to second
Batting: RHB Kenneth Noid 0-0: Foul Ball, location: 2F
0-1: Foul Ball, location: 2F
0-2: Ball
1-2: Ground out 4-3 (Groundball, 4)
Top of the 7th over - 0 runs, 2 hits, 0 errors, 2 left on base; Houston 1 - Augusta 4
BOTTOM OF THE 7TH
Augusta Timber Hawks batting - Pitching for Houston BC : RHP Arnout Els
Batting: SHB Yun-qi Chien 0-0: Ball
1-0: Fly out, F9 (Flyball, 9S)
Batting: RHB Krystof Melichar 0-0: Ball
1-0: Ball
2-0: Foul Ball, location: 2F
2-1: Swinging Strike
2-2: Foul Ball, location: 2F
2-2: Strikes out looking
Batting: LHB Mike Goff 0-0: Ball
1-0: Called Strike
1-1: Ground out 5-3 (Groundball, 56)
Bottom of the 7th over - 0 runs, 0 hits, 0 errors, 0 left on base; Houston 1 - Augusta 4
TOP OF THE 8TH
Houston BC batting - Pitching for Augusta Timber Hawks : RHP Christiaan Volkers
Batting: RHB Orlando Montejo 0-0: Ball
1-0: Foul Ball, location: 2F
1-1: Ball
2-1: Fly out, F4 (Popup, 4S)
Batting: RHB Angeddy Almanzar 0-0: Ball
1-0: Ball
2-0: Ball
3-0: Base on Balls
Batting: RHB Robby Arnold 0-0: Called Strike
0-1: Ball
1-1: Called Strike
1-2: Ball
2-2: Ball
3-2: Foul Ball, location: 2F
3-2: Ground out 5-3 (Groundball, 5S)
Angeddy Almanzar to second
Batting: RHB Abraham Phelps 0-0: Ground out 6-3 (Groundball, 6D)
Top of the 8th over - 0 runs, 0 hits, 0 errors, 1 left on base; Houston 1 - Augusta 4
BOTTOM OF THE 8TH
Augusta Timber Hawks batting - Pitching for Houston BC : RHP Arnout Els
Pitching: RHP Liam Sorrell
Batting: RHB Jesús Recesvinto 0-0: Fly out, F8 (Flyball, 8LXD)
Batting: RHB Uchino Akahito 0-0: Ground out 6-3 (Groundball, 56)
Batting: RHB Dave Yates 0-0: Ball
1-0: Ball
2-0: Ball
3-0: Base on Balls
Batting: LHB Seung-soo Ch'ae 0-0: Ball
1-0: Called Strike
Dave Yates steals 2nd base
1-1: Ball
2-1: Ball
3-1: Ground out 5-3 (Groundball, 5L)
Bottom of the 8th over - 0 runs, 0 hits, 0 errors, 1 left on base; Houston 1 - Augusta 4
TOP OF THE 9TH
Houston BC batting - Pitching for Augusta Timber Hawks : RHP Christiaan Volkers
Pitching: RHP Gus Osborne
Batting: LHB Earl Wiley 0-0: Called Strike
0-1: Fly out, F7 (Line Drive, 78M)
Batting: RHB Alfredo Mojica 0-0: Ball
1-0: Called Strike
1-1: Ball
2-1: Called Strike
2-2: Foul Ball, location: 2F
2-2: Ball
3-2: Strikes out swinging
Batting: LHB Sidney Dollarhide 0-0: Foul Ball, location: 2F
0-1: Foul Ball, location: 2F
0-2: Ground out 4-3 (Groundball, 4)
Top of the 9th over - 0 runs, 0 hits, 0 errors, 0 left on base; Houston 1 - Augusta 4
Friday, March 29th, 2019 - OOTP Baseball 18.8 Build 76